 Dungeon Crawl Stone Soup version 0.20.1-1-g8b1a95d (webtiles) character file.

66 mopl the Stinger (level 4, -3/36 HPs)
             Began as a Naga Venom Mage on Aug 30, 2017.
             Slain by a centaur (5 damage)
             ... on level 3 of the Dungeon.
             The game lasted 00:04:58 (1556 turns).

mopl the Stinger (Naga Venom Mage)                  Turns: 1556, Time: 00:04:58

Health: -3/36      AC:  4    Str: 11    XL:     4   Next: 15%
Magic:  0/7        EV:  9    Int: 16    God:
Gold:   94         SH:  0    Dex: 11    Spells: 2/8 levels left

rFire    . . .     SeeInvis +   s - +0 trident
rCold    . . .     Gourm    .   (no shield)
rNeg     . . .     Faith    .   a - +0 robe
rPois    +         Spirit   .   g - +1 hat
rElec    .         Reflect  .   o - +0 cloak
rCorr    .         Harm     .   (no gloves)
MR       .....                  (no barding)
Stlth    ++........             (no amulet)
Regen    0.2/turn               (no ring)
MPRegen  0.1/turn               (no ring)

@: short of breath, very slightly contaminated, drained, very slow
A: see invisible, deformed body, poison resistance, slowness 2, slow metabolism
1, spit poison 1, AC +1
a: Spit Poison


You were on level 3 of the Dungeon.
You were not hungry.

You visited 1 branch of the dungeon, and saw 3 of its levels.

You collected 94 gold pieces.

Inventory:

Hand Weapons
 s - a +0 trident (weapon)
Missiles
 l - 13 poisoned needles
Armour
 a - a +0 robe (worn)
 g - a +1 hat (worn)
 o - a +0 cloak (worn)
 q - a cursed +0 buckler
Scrolls
 e - a scroll of enchant weapon {unknown}
 f - a scroll of fear {unknown}
 i - a scroll of amnesia {unknown}
 k - a scroll of remove curse {unknown}
 n - a scroll of teleportation {unknown}
 p - 2 scrolls of identify {unknown}
 t - 2 scrolls of fog {unknown}
Potions
 d - a potion of flight {unknown}
 h - a potion of curing {unknown}
 j - 2 potions of cancellation {unknown}
Books
 b - a Young Poisoner's Handbook

   Spells                             Type                      Level
   a - Sting                          Conjuration/Poison           1
   b - Poisonous Vapours              Poison/Air                   2
   c - Mephitic Cloud                 Conjuration/Poison/Air       3
   d - Olgreb's Toxic Radiance        Poison                       4
   e - Venom Bolt                     Conjuration/Poison           5
Comestibles
 c - 2 bread rations
 m - 9 fruits
 r - 4 chunks of flesh
 u - a meat ration


   Skills:
 - Level 1.5(0.5) Dodging
 - Level 3.0(1.9) Stealth
 + Level 2.6(1.5) Spellcasting
 + Level 2.1(1.1) Conjurations
 + Level 1.3(0.2) Air Magic
 + Level 4.8(3.7) Poison Magic


You had 2 spell levels left.
You knew the following spells:

 Your Spells              Type           Power        Failure   Level  Hunger
a - Sting                 Conj/Pois      #...         9%          1    ##.....
b - Poisonous Vapours     Pois/Air       #.....       14%         2    ###....
d - Mephitic Cloud        Conj/Pois/Air  #.......     32%         3    ####...


Dungeon Overview and Level Annotations

Branches:
Dungeon (3/15)

Altars:
Ru


Innate Abilities, Weirdness & Mutations

You cannot wear boots.
Your serpentine skin is tough. (AC +1)
You have supernaturally acute eyesight. (SInv)
Armour fits poorly on your strangely shaped body.
Your system is resistant to poisons. (rPois)
You cover ground very slowly.
You have a slow metabolism.
You can spit poison.


Message History

The centaur closely misses you.
Unknown command.
Casting: Mephitic Cloud
Confirm with . or Enter, or press ? or * to list all spells.
Aiming: Sting
Press: ? - help, Shift-Dir - straight line, f/p - centaur
Aim: a centaur The sting hits the centaur.
The centaur is poisoned.
The centaur is lightly wounded.
The centaur hits you.
* * * LOW HITPOINT WARNING * * *
Unknown command.
Press: ? - help, Shift-Dir - straight line, f/p - centaur
Aim: a centaur (lightly wounded, poisoned)
The splash of poison hits the centaur.
The centaur looks even sicker.
The centaur is moderately wounded.
You feel slightly more hungry. The centaur hits you.
* * * LOW HITPOINT WARNING * * *
The centaur hits you.
You die...

####+## #.....#
#.....# #.....###
##<...... ####
######.######
#.$.######...##...#...
#..%'........####'#...
#c..#@.......#.....###
#c...#....#...[.+
#.#..#....#.....#
#.####....#.....#
#....(.#.....####
############.# ..#
...# .....


You could see a centaur.

Vanquished Creatures
  2 adders
  An ooze (D:2)
  2 worms (D:2)
  2 dart slugs (D:1)
  An orc (D:3)
  A goblin (D:1)
  4 hobgoblins
  3 jackals
  6 bats
  3 frilled lizards
  6 kobolds (D:1)
  3 rats
34 creatures vanquished.

Notes
Turn   | Place    | Note
-------+----------+-------------------------------------------
     0 | D:1      | mopl the Naga Venom Mage began the quest for the Orb.
     0 | D:1      | Reached XP level 1. HP: 15/15 MP: 3/3
    87 | D:1      | Reached XP level 2. HP: 22/22 MP: 1/5
    97 | D:1      | Learned a level 2 spell: Poisonous Vapours
   586 | D:1      | Reached XP level 3. HP: 19/28 MP: 0/6
   591 | D:1      | Learned a level 3 spell: Mephitic Cloud
   840 | D:2      | Reached skill level 1 in Air Magic
  1062 | D:2      | Reached skill level 2 in Conjurations
  1126 | D:2      | Found a sacrificial altar of Ru.
  1242 | D:2      | Reached XP level 4. HP: 35/36 MP: 4/7
  1542 | D:3      | Noticed a centaur
  1556 | D:3      | Slain by a centaur

Skill      XL: |  1  2  3 |
---------------+----------+-----
Air Magic      | 1 |  1.3
Conjurations   | 2 |  2.1
Dodging        | |  1.5
Stealth        | |  3.0
Spellcasting   | |  2.6
Poison Magic   | |  4.8

Action                   |  1- 3 |  4- 6 || total
-------------------------+-------+-------++-------
Melee: Unarmed           |    23 |     7 ||    30
       Trident           |       |     3 ||     3
 Cast: Sting             |    30 |     6 ||    36
       Poisonous Vapours |     8 |     1 ||     9
 Abil: Spit Poison       |    19 |     8 ||    27
  Eat: Chunk             |     3 |     2 ||     5
Armor: Robe              |    13 |     4 ||    17
Dodge: Dodged            |    27 |     4 ||    31
